TOP OF THE 1ST |
---|
Washington DC Hot Sauce batting - Pitching for Punta Cana Hutias : LHP José Ulerio | Pitching: LHP José Ulerio | | Batting: RHB Daniel Pineda | 0-0: Ground out U3 (Groundball, 34) | Batting: RHB Tim Church | 0-0: SINGLE (Flyball, 8RS) | Batting: RHB Kenny Miller | 0-0: Called Strike 0-1: Foul Ball, location: 2F 0-2: Ball 1-2: Strikes out swinging | Batting: RHB Nelson Wright | 0-0: Called Strike 0-1: Swinging Strike 0-2: Foul Ball, location: 2F 0-2: Ball 1-2: Ball 2-2: Strikes out swinging | Top of the 1st over - 0 runs, 1 hit, 0 errors, 1 left on base; Washington DC 0 - Punta Cana 0 | BOTTOM OF THE 1ST |
---|
Punta Cana Hutias batting - Pitching for Washington DC Hot Sauce : RHP Bryce Borrell | Pitching: RHP Bryce Borrell | | Batting: LHB Dave Watkins | 0-0: DOUBLE (Line Drive, 78XD) | Batting: LHB Luis García | 0-0: Called Strike Dave Watkins steals 3rd base 0-1: Foul Ball, location: 2F 0-2: Ground out 6-3 (Groundball, 6) Dave Watkins scores | Batting: LHB Norberto Garza | 0-0: Swinging Strike 0-1: Ball 1-1: Foul Ball, location: 2F 1-2: Strikes out looking | Batting: LHB Tony Ríos | 0-0: Ball 1-0: SINGLE (Line Drive, 8RS) | Batting: LHB Harry Davis | 0-0: Ball 1-0: Called Strike 1-1: Foul Ball, location: 2F 1-2: Foul Ball, location: 2F 1-2: Ball 2-2: Ball 3-2: Ground out 6-3 (Groundball, 6) | Bottom of the 1st over - 1 run, 2 hits, 0 errors, 1 left on base; Washington DC 0 - Punta Cana 1 | TOP OF THE 2ND |
---|
Washington DC Hot Sauce batting - Pitching for Punta Cana Hutias : LHP José Ulerio | Batting: RHB José Isla | 0-0: Called Strike 0-1: Ball 1-1: Ball 2-1: Ball 3-1: Ground out 6-3 (Groundball, 6) | Batting: RHB Jesús García | 0-0: Called Strike 0-1: Called Strike 0-2: Foul Ball, location: 2F 0-2: Ball 1-2: Strikes out swinging | Batting: RHB Eric Schroeder | 0-0: Ball 1-0: Called Strike 1-1: Ball 2-1: Ball 3-1: DOUBLE (Line Drive, 7LM) | Batting: SHB Jared Calhoun | 0-0: Ball 1-0: Called Strike 1-1: Swinging Strike 1-2: Ball 2-2: Strikes out swinging | Top of the 2nd over - 0 runs, 1 hit, 0 errors, 1 left on base; Washington DC 0 - Punta Cana 1 | BOTTOM OF THE 2ND |
---|
Punta Cana Hutias batting - Pitching for Washington DC Hot Sauce : RHP Bryce Borrell | Batting: LHB Don MacNeill | 0-0: Fly out, F8 (Flyball, 78M) | Batting: RHB Alfonso Huerta | 0-0: Called Strike 0-1: SOLO HOME RUN (Flyball, 7D), Distance : 404 ft | Batting: RHB Alfredo Bernard | 0-0: SINGLE (Groundball, 4) (infield hit) | Batting: LHB Jorge Ramírez | 0-0: Ball 1-0: Ball 2-0: Foul Ball, location: 2F 2-1: Grounds into double play, 6-4-3 (Groundball, 6) | Bottom of the 2nd over - 1 run, 2 hits, 0 errors, 0 left on base; Washington DC 0 - Punta Cana 2 | TOP OF THE 3RD |
---|
Washington DC Hot Sauce batting - Pitching for Punta Cana Hutias : LHP José Ulerio | Batting: RHB Eric Adams | 0-0: Ball 1-0: Fly out, F7 (Flyball, 7) | Batting: RHB Daniel Pineda | 0-0: Ball 1-0: Ball 2-0: Foul Ball, location: 2F 2-1: Ball 3-1: Base on Balls | Batting: RHB Tim Church | 0-0: Ball 1-0: Foul Ball, location: 2F 1-1: Ball 2-1: Swinging Strike 2-2: Ball 3-2: Foul Ball, location: 2F 3-2: Strikes out swinging | Batting: RHB Kenny Miller | 0-0: Called Strike 0-1: Ball 1-1: Called Strike 1-2: Ball Daniel Pineda steals 2nd base 2-2: SINGLE (Groundball, 34D) Daniel Pineda to third Runner from 3rd tries for Home, SAFE, no throw | Batting: RHB Nelson Wright | 0-0: Called Strike 0-1: Ball 1-1: Ball 2-1: Fielders Choice at 2nd, 6-4 (Groundball, 6) | Top of the 3rd over - 1 run, 1 hit, 0 errors, 1 left on base; Washington DC 1 - Punta Cana 2 | BOTTOM OF THE 3RD |
---|
Punta Cana Hutias batting - Pitching for Washington DC Hot Sauce : RHP Bryce Borrell | Batting: LHB Dave Watkins | 0-0: Ground out U3 (Groundball, 3) | Batting: LHB Luis García | 0-0: Called Strike 0-1: Ground out U3 (Groundball, 34) | Batting: LHB Norberto Garza | 0-0: SINGLE (Line Drive, 6) | Batting: LHB Tony Ríos | 0-0: Ball 1-0: Called Strike 1-1: Fielders Choice at 2nd, 5-4 (Groundball, 5L) | Bottom of the 3rd over - 0 runs, 1 hit, 0 errors, 1 left on base; Washington DC 1 - Punta Cana 2 | TOP OF THE 4TH |
---|
Washington DC Hot Sauce batting - Pitching for Punta Cana Hutias : LHP José Ulerio | Batting: RHB José Isla | 0-0: Ball 1-0: Called Strike 1-1: Ball 2-1: Swinging Strike 2-2: Foul Ball, location: 2F 2-2: Strikes out swinging | Batting: RHB Jesús García | 0-0: Fly out, F7 (Flyball, 7S) | Batting: RHB Eric Schroeder | 0-0: Swinging Strike 0-1: Foul Ball, location: 2F 0-2: Ball 1-2: Strikes out swinging | Top of the 4th over - 0 runs, 0 hits, 0 errors, 0 left on base; Washington DC 1 - Punta Cana 2 | BOTTOM OF THE 4TH |
---|
Punta Cana Hutias batting - Pitching for Washington DC Hot Sauce : RHP Bryce Borrell | Batting: LHB Harry Davis | 0-0: Ball 1-0: Swinging Strike 1-1: Ball 2-1: Foul Ball, location: 2F 2-2: Ball 3-2: Foul Ball, location: 2F 3-2: Strikes out swinging | Batting: LHB Don MacNeill | 0-0: Ball 1-0: Foul Ball, location: 2F 1-1: Swinging Strike 1-2: Ball 2-2: Foul Ball, location: 2F 2-2: Foul Ball, location: 2F 2-2: Ground out 6-3 (Groundball, 6) | Batting: RHB Alfonso Huerta | 0-0: Called Strike 0-1: Ball 1-1: Swinging Strike 1-2: SINGLE (Groundball, 4MD) | Batting: RHB Alfredo Bernard | 0-0: Ball 1-0: Called Strike 1-1: Ball 2-1: Ball 3-1: SINGLE (Groundball, 6MD) Alfonso Huerta to second Runner from 2nd tries for 3rd, SAFE, no throw | Batting: LHB Jorge Ramírez | 0-0: Ball 1-0: Ball 2-0: Foul Ball, location: 2F 2-1: Called Strike 2-2: Ball 3-2: Fly out, F9 (Flyball, 9) | Bottom of the 4th over - 0 runs, 2 hits, 0 errors, 2 left on base; Washington DC 1 - Punta Cana 2 | TOP OF THE 5TH |
---|
Washington DC Hot Sauce batting - Pitching for Punta Cana Hutias : LHP José Ulerio | Batting: SHB Jared Calhoun | 0-0: Ball 1-0: Swinging Strike 1-1: Ball 2-1: Swinging Strike 2-2: Fly out, F7 (Flyball, 7S) | Batting: RHB Eric Adams | 0-0: Called Strike 0-1: Ball 1-1: Swinging Strike 1-2: Foul Ball, location: 2F 1-2: Strikes out swinging | Batting: RHB Daniel Pineda | 0-0: SINGLE (Groundball, 34D) | Batting: RHB Tim Church | 0-0: Ball 1-0: Ball 2-0: Ball Daniel Pineda steals 2nd base 3-0: Base on Balls | Batting: RHB Kenny Miller | 0-0: Foul Ball, location: 2F 0-1: Foul Ball, location: 2F 0-2: SINGLE (Line Drive, 56) Daniel Pineda to third Tim Church to second Runner from 3rd tries for Home, SAFE, no throw | Batting: RHB Nelson Wright | 0-0: Ball 1-0: Ball 2-0: Called Strike 2-1: Swinging Strike 2-2: Fly out, F6 (Popup, 6D) | Top of the 5th over - 1 run, 2 hits, 0 errors, 2 left on base; Washington DC 2 - Punta Cana 2 | BOTTOM OF THE 5TH |
---|
Punta Cana Hutias batting - Pitching for Washington DC Hot Sauce : RHP Bryce Borrell | Batting: LHB Dave Watkins | 0-0: Foul Ball, location: 2F 0-1: DOUBLE (Flyball, 89XD) | Batting: LHB Luis García | 0-0: Intentional Walk | Batting: LHB Norberto Garza | 0-0: Called Strike 0-1: Ball 1-1: Ball 2-1: DOUBLE (Groundball, 5L) Dave Watkins scores Luis García to third | Batting: LHB Tony Ríos | 0-0: Ball 1-0: Ball 2-0: Ball 3-0: Base on Balls | Batting: LHB Harry Davis | 0-0: Ball 1-0: Called Strike 1-1: Foul Ball, location: 2F 1-2: Strikes out swinging | Batting: LHB Don MacNeill | 0-0: Swinging Strike 0-1: Foul Ball, location: 2F 0-2: Ball 1-2: Ball 2-2: Ball 3-2: Strikes out swinging | Batting: RHB Alfonso Huerta | 0-0: Ball 1-0: Ball 2-0: SINGLE (Flyball, 8RS) Luis García scores Norberto Garza to third Tony Ríos to second Runner from 3rd tries for Home, SAFE, no throw | Batting: RHB Alfredo Bernard | 0-0: Ball 1-0: Called Strike 1-1: Foul Ball, location: 2F 1-2: Ball 2-2: Hit by Pitch Tony Ríos to third Alfonso Huerta to second | Pitching: RHP Jason Rose | | Batting: LHB Jorge Ramírez | 0-0: GRAND SLAM HOME RUN (Flyball, 89XD), Distance : 415 ft | Batting: LHB Dave Watkins | 0-0: Ball 1-0: SINGLE (Line Drive, 89M) | Batting: LHB Luis García | 0-0: Fly out, F7 (Flyball, 7S) | Bottom of the 5th over - 7 runs, 5 hits, 0 errors, 1 left on base; Washington DC 2 - Punta Cana 9 | TOP OF THE 6TH |
---|
Washington DC Hot Sauce batting - Pitching for Punta Cana Hutias : LHP José Ulerio | Batting: RHB José Isla | 0-0: Ball 1-0: Ball 2-0: Swinging Strike 2-1: Foul Ball, location: 2F 2-2: Ball 3-2: Strikes out swinging | Batting: RHB Jesús García | 0-0: Ball 1-0: Foul Ball, location: 2F 1-1: Ball 2-1: Fly out, F9 (Flyball, 9) | Batting: RHB Eric Schroeder | 0-0: Called Strike 0-1: Called Strike 0-2: Ball 1-2: Ball 2-2: SINGLE (Groundball, 6D) | Pitching: RHP Steve Harris | | Batting: SHB Jared Calhoun | 0-0: Ball 1-0: Called Strike 1-1: Ball 2-1: SINGLE (Line Drive, 4MD) Eric Schroeder to second Runner from 2nd tries for 3rd, SAFE, no throw | Batting: RHB Eric Adams | 0-0: Swinging Strike 0-1: Swinging Strike 0-2: Strikes out looking | Top of the 6th over - 0 runs, 2 hits, 0 errors, 2 left on base; Washington DC 2 - Punta Cana 9 | BOTTOM OF THE 6TH |
---|
Punta Cana Hutias batting - Pitching for Washington DC Hot Sauce : RHP Jason Rose | Batting: LHB Norberto Garza | 0-0: Fly out, F8 (Flyball, 8RS) | Batting: LHB Tony Ríos | 0-0: Foul Ball, location: 2F 0-1: SINGLE (Groundball, 4MD) | Batting: LHB Harry Davis | 0-0: Ball 1-0: Called Strike 1-1: Fly out, F4 (Popup, 4MD) | Batting: LHB Don MacNeill | 0-0: Ball 1-0: Foul Ball, location: 2F 1-1: DOUBLE (Line Drive, 7LM) Tony Ríos to third Runner from 3rd tries for Home, SAFE, no throw | Batting: RHB Alfonso Huerta | 0-0: Swinging Strike 0-1: Foul Ball, location: 2F 0-2: Ball 1-2: Foul Ball, location: 2F 1-2: Ball 2-2: Foul Ball, location: 2F 2-2: SINGLE (Groundball, 34D) Don MacNeill to third Runner from 3rd tries for Home, SAFE, no throw | Batting: RHB Alfredo Bernard | 0-0: Ball 1-0: Called Strike 1-1: Swinging Strike 1-2: Strikes out swinging | Bottom of the 6th over - 2 runs, 3 hits, 0 errors, 1 left on base; Washington DC 2 - Punta Cana 11 | TOP OF THE 7TH |
---|
Washington DC Hot Sauce batting - Pitching for Punta Cana Hutias : RHP Steve Harris | Batting: RHB Daniel Pineda | 0-0: Ground out 6-3 (Groundball, 6) | Batting: RHB Tim Church | 0-0: Ball 1-0: Called Strike 1-1: Ball 2-1: Fly out, F8 (Flyball, 8RD) | Batting: RHB Kenny Miller | 0-0: Called Strike 0-1: Foul Ball, location: 2F 0-2: Strikes out looking | Top of the 7th over - 0 runs, 0 hits, 0 errors, 0 left on base; Washington DC 2 - Punta Cana 11 | BOTTOM OF THE 7TH |
---|
Punta Cana Hutias batting - Pitching for Washington DC Hot Sauce : RHP Jason Rose | Batting: LHB Jorge Ramírez | 0-0: Called Strike 0-1: Ball 1-1: Called Strike 1-2: Ball 2-2: SOLO HOME RUN (Flyball, 89XD), Distance : 416 ft | Batting: LHB Dave Watkins | 0-0: Ball 1-0: Foul Ball, location: 2F 1-1: SINGLE (Flyball, 89S) | Batting: LHB Luis García | 0-0: Called Strike 0-1: Ball 1-1: Swinging Strike 1-2: Strikes out swinging | Batting: LHB Norberto Garza | 0-0: Called Strike 0-1: Ball Balk! Dave Watkins to second 1-1: Foul Ball, location: 2F 1-2: Ball 2-2: Foul Ball, location: 2F 2-2: Foul Ball, location: 2F 2-2: Hit by Pitch | Batting: LHB Tony Ríos | 0-0: Ball Dave Watkins steals 3rd base 1-0: SINGLE (Line Drive, 8LS) Dave Watkins scores Norberto Garza to second Runner from 2nd tries for 3rd, SAFE, throw made to third | Pinch Hitting: RHB José Matos | Balk! Norberto Garza scores Tony Ríos to second 0-0: Called Strike 0-1: Swinging Strike 0-2: Ball 1-2: Strikes out looking | Batting: LHB Don MacNeill | 0-0: Ball 1-0: SINGLE (Line Drive, 6MD) Tony Ríos to third Runner from 3rd tries for Home, SAFE, no throw | Batting: RHB Alfonso Huerta | 0-0: Ball 1-0: Foul Ball, location: 2F 1-1: Ball 2-1: Ball 3-1: Base on Balls Don MacNeill to second | Batting: RHB Alfredo Bernard | 0-0: Ball 1-0: Foul Ball, location: 2F 1-1: Ball 2-1: Foul Ball, location: 2F 2-2: SINGLE (Groundball, 56D) Don MacNeill to third Alfonso Huerta to second Runner from 3rd tries for Home, SAFE, no throw | Batting: LHB Jorge Ramírez | 0-0: Called Strike 0-1: Foul Ball, location: 2F 0-2: Ball 1-2: Ball 2-2: Ball 3-2: Base on Balls Alfonso Huerta to third Alfredo Bernard to second | Batting: LHB Dave Watkins | 0-0: Called Strike 0-1: Foul Ball, location: 2F 0-2: Ball 1-2: Fly out, F9 (Line Drive, 9) | Bottom of the 7th over - 5 runs, 5 hits, 0 errors, 3 left on base; Washington DC 2 - Punta Cana 16 | TOP OF THE 8TH |
---|
Washington DC Hot Sauce batting - Pitching for Punta Cana Hutias : RHP Steve Harris | Now at SS: Ricardo Murillo | | Batting: RHB Nelson Wright | 0-0: Foul Ball, location: 2F 0-1: Ball 1-1: Foul Ball, location: 2F 1-2: Foul Ball, location: 2F 1-2: Ball 2-2: SINGLE (Groundball, 6MD) | Batting: RHB José Isla | 0-0: Foul Ball, location: 2F 0-1: Ball 1-1: Called Strike 1-2: Ball 2-2: Strikes out swinging | Batting: RHB Jesús García | 0-0: Foul Ball, location: 2F 0-1: Foul Ball, location: 2F 0-2: Foul Ball, location: 2F 0-2: Strikes out swinging | Batting: RHB Eric Schroeder | Pickoff Throw to First - Error! E1 Nelson Wright to second 0-0: Called Strike 0-1: Fly out, F5 (Line Drive, 5) | Top of the 8th over - 0 runs, 1 hit, 1 error, 1 left on base; Washington DC 2 - Punta Cana 16 | BOTTOM OF THE 8TH |
---|
Punta Cana Hutias batting - Pitching for Washington DC Hot Sauce : RHP Jason Rose | Batting: LHB Luis García | 0-0: Called Strike 0-1: Swinging Strike 0-2: Foul Ball, location: 2F 0-2: Ground out 4-3 (Groundball, 34) | Batting: LHB Norberto Garza | 0-0: Called Strike 0-1: Ball 1-1: Ball 2-1: Foul Ball, location: 2F 2-2: Ball 3-2: SOLO HOME RUN (Flyball, 78XD), Distance : 421 ft | Batting: LHB Tony Ríos | 0-0: Called Strike 0-1: Ball 1-1: Foul Ball, location: 2F 1-2: Ball 2-2: Foul Ball, location: 2F 2-2: DOUBLE (Flyball, 89XD) | Pinch Runner at 2nd Manuel Cavazos: | | Batting: RHB Ricardo Murillo | 0-0: Ball 1-0: Fly out, F9 (Line Drive, 9) | Batting: LHB Don MacNeill | 0-0: Ball 1-0: Called Strike 1-1: Ground out 6-3 (Groundball, 6S) | Bottom of the 8th over - 1 run, 2 hits, 0 errors, 1 left on base; Washington DC 2 - Punta Cana 17 | TOP OF THE 9TH |
---|
Washington DC Hot Sauce batting - Pitching for Punta Cana Hutias : RHP Steve Harris | Now at C: Juan Alaniz | | Batting: SHB Jared Calhoun | 0-0: Ball 1-0: Foul Ball, location: 2F 1-1: Called Strike 1-2: Ball 2-2: Ball 3-2: Fly out, F3 (Popup, 3F) | Batting: RHB Eric Adams | 0-0: Ground out 5-3 (Groundball, 56) | Batting: RHB Daniel Pineda | 0-0: Foul Ball, location: 2F 0-1: Called Strike 0-2: Foul Ball, location: 2F 0-2: Fly out, F8 (Flyball, 89D) | Top of the 9th over - 0 runs, 0 hits, 0 errors, 0 left on base; Washington DC 2 - Punta Cana 17 | |